 Dungeon Crawl Stone Soup version 0.26-a0-572-g753d7e3450 (webtiles) character file.

Game seed: 10829106843060009240

7310 orbitalcookie the Spear-Bearer (level 10, -20/76 HPs)
             Began as a Demonspawn Abyssal Knight on Aug 14, 2020.
             Was a Priest of Lugonu.
             Hit by a large rock thrown by a cyclops (24 damage)
             ... on level 11 of the Dungeon on Aug 21, 2020.
             The game lasted 02:00:45 (15388 turns).

orbitalcookie the Spear-Bearer (DsAK)              Turns: 15388, Time: 02:00:46

Health: -20/76     AC: 16    Str: 16    XL:     10   Next: 90%
Magic:  15/15      EV: 14    Int: 13    God:    Lugonu [***...]
Gold:   632        SH:  0    Dex: 13    Spells: 9/9 levels left

rFire    . . .     SeeInvis .   a - +1 spear
rCold    . . .     Faith    +   (no shield)
rNeg     + . .     Spirit   .   x - +0 scale mail
rPois    .         Reflect  .   (no helmet)
rElec    .         Harm     .   (no cloak)
rCorr    .                      i - +0 pair of gloves
MR       .....                  f - +2 pair of boots
Stlth    +.........             c - amulet of faith
HPRegen  0.22/turn              b - ring of positive energy
MPRegen  0.14/turn              B - +4 ring of evasion

@: no status effects
A: hooves 1, thin metallic scales 2, spiny 3, rot immunity
a: Depart the Abyss, Bend Space, Banish, Renounce Religion


You were on level 11 of the Dungeon.
You worshipped Lugonu.
Lugonu was most pleased with you.
You visited 3 branches of the dungeon, and saw 13 of its levels.
You visited the Abyss 2 times.

You collected 632 gold pieces.

Inventory:

Hand Weapons
 a - a +1 spear (weapon)
Missiles
 w - 7 javelins (quivered)
 J - 3 silver javelins
Armour
 f - a +2 pair of boots (worn)
 i - a +0 pair of gloves (worn)
 x - a +0 scale mail (worn)
Jewellery
 b - a ring of positive energy (left hand)
 c - an amulet of faith (around neck)
 B - a +4 ring of evasion (right hand)
Wands
 m - a wand of random effects (23)
 y - a wand of iceblast (10)
 I - a wand of flame (15)
Scrolls
 d - a scroll of identify
 k - 10 scrolls of remove curse
 l - 4 scrolls of teleportation
 o - a scroll of acquirement {unknown}
 r - a scroll of blinking {unknown}
 t - a scroll of magic mapping
 u - 5 scrolls of amnesia
 v - a scroll of enchant weapon {unknown}
 A - a scroll of random uselessness {unknown}
 F - a scroll of immolation {unknown}
 K - a scroll of torment {unknown}
Potions
 e - a potion of stabbing {unknown}
 g - a potion of might
 h - 2 potions of brilliance
 j - 2 potions of heal wounds
 n - a potion of cancellation {unknown}
 q - a potion of ambrosia
 z - a potion of mutation {unknown}
 D - a potion of flight {unknown}
 E - 2 potions of curing {unknown}
 H - a potion of resistance {unknown}


   Skills:
 + Level 6.3 Fighting
 + Level 9.1 Polearms
 + Level 4.3 Throwing
 + Level 8.6 Armour
 + Level 2.5 Dodging
 + Level 2.2 Stealth
 + Level 7.8 Invocations
 + Level 1.5 Evocations


You had 9 spell levels left.
You didn't know any spells.
Your spell library contained the following spells:

 Spells                   Type           Power        Failure   Level
 Corona                   Hex            #......      67%         1
 Ensorcelled Hibernation  Hex/Ice        #.....       80%         2
 Confusing Touch          Hex            #.......     95%         3
 Dazzling Flash           Conj/Hex       #.....       95%         3
 Gell's Gravitas          Tloc           #.........   95%         3
 Tukima's Dance           Hex            #.......     95%         3
 Petrify                  Tmut/Erth      #.......     100%        4
 Metabolic Englaciation   Hex/Ice        #.........   100%        5
 Yara's Violent Unravell  Hex/Tmut       #.........   100%        5


Dungeon Overview and Level Annotations

Branches:
Dungeon (11/15)            Temple (1/1) D:7            Lair (0/6) D:11
    Orc (1/2) D:10

Altars:
Ashenzari
Cheibriados
Dithmenos
Elyvilon
Fedhas
Gozag
Hepliaklqana
Kikubaaqudgha
Makhleb
Nemelex Xobeh
Okawaru
Qazlal
Ru
Sif Muna
Trog
Uskayaw
Vehumet
Wu Jian
Xom
Yredelemnul
Zin
The Shining One

Shops:
D:8 *   D:10 (

Annotations:
D:7 corrupted
D:8 exclusion: orange crystal statue
D:11 corrupted
Abyss:1 Harold


Innate Abilities, Weirdness & Mutations

You have large cloven feet.
You are mostly covered in thin metallic scales. (AC +3)
You are completely covered in sharp spines.
You are immune to rotting.


Message History

The yak gores you but does no damage. The yak is struck by your spines.
The yak gores you but does no damage. The yak is struck by your spines.
The yak gores you but does no damage. The yak is struck by your spines.
The yak gores you but does no damage. The yak gores you but does no damage.
The yak gores you!
* * * LOW HITPOINT WARNING * * *
The yak bellows!
The yak is struck by your spines. The yak gores you!
* * * LOW HITPOINT WARNING * * *
The yak gores you but does no damage. The basilisk is struck by your spines.
The basilisk bites you.
* * * LOW HITPOINT WARNING * * *
The yak gores you but does no damage. The yak barely misses you.
The yak is struck by your spines. The yak gores you but does no damage.
You turn to flesh and can move again.
Unknown command.
Space bends around you!
You blink.
The cyclops shouts!
The cyclops throws a large rock.
The large rock hits you!!
You die... #........... ## #................ . #... #................
Y.. ....####..#.>........... ... #...#....###.##........C Y.Y

###.....####.###........ ...
#.........##............ ...
..P........#............ #..
.P......P.......@..#.... ...
.....>.......Y.....#.... ...
.P............YY.........(...###.
..P........#.................#.#.
#.........##.Y#................ .
###....Y####Y##...............#..
###......Z..................#..
###..........................
###...................!.##


You could see a cyclops, 5 yaks and a worker ant zombie.

Vanquished Creatures
  A two-headed ogre (D:10)
  2 unseen horrors (D:10)
  2 centaur skeletons (D:10)
  6 yaks (D:10)
  2 sky beasts (D:10)
  2 ogres
  A necrophage (D:6)
  2 centaurs (D:10)
  A crocodile (D:9)
  4 bullfrogs
  2 big kobolds
  5 scorpions
  6 killer bees (D:10)
  7 wights (D:9)
  5 electric eels
  4 howler monkeys
  A bullfrog zombie (D:8)
  A jelly (D:8)
  An orc priest (D:4)
  3 hounds
  6 orc wizards
  5 worker ants
  A killer bee zombie (D:7)
  9 adders
  4 shadow imps
  A white imp (D:10)
  3 oozes
  An adder skeleton (D:5)
  4 worms
  10 dart slugs
  3 leopard geckos
  21 orcs
  2 ball pythons
  16 bats
  5 giant cockroaches
  4 hobgoblins (D:1)
  15 jackals
  13 kobolds
  8 quokkas
  4 frilled lizards
  3 goblins
  A jackal zombie (D:8)
  A leopard gecko skeleton (D:8)
  A quokka skeleton (D:7)
  3 rats (D:1)
  A fungus (D:8)
203 creatures vanquished.

Vanquished Creatures (others)
  2 ugly things (D:11)
  A komodo dragon (D:10)
  A troll (D:11)
  2 hippogriffs (D:11)
  6 yaks (D:11)
  A basilisk (D:11)
  An orc warrior (D:8)
  2 sky beasts
  2 ice beasts (D:11)
  An ogre (D:11)
  3 centaurs (D:11)
  A bullfrog (D:11)
  5 wights (D:11)
  A jelly (D:11)
  A gnoll shaman (D:7)
  2 orc wizards
  An iguana (D:11)
  A worker ant (D:4)
  3 gnolls (D:7)
  An orc (D:7)
  A quokka (D:4)
  2 fungi
  2 plants (D:9)
  16 starspawn tentacles (D:11)
59 creatures vanquished.

Grand Total: 262 creatures vanquished

Notes
Turn   | Place    | Note
-------+----------+-------------------------------------------
     0 | Abyss:1  | orbitalcookie the Demonspawn Abyssal Knight began the quest
                  | for the Orb.
     0 | Abyss:1  | Reached XP level 1. HP: 18/18 MP: 2/2
     8 | D:1      | Escaped the Abyss
   235 | D:1      | Gained mutation: You are partially covered in sharp spines.
                  | [demonic ancestry]
   235 | D:1      | Reached XP level 2. HP: 24/24 MP: 3/3
   324 | D:1      | Reached skill level 2 in Polearms
   512 | D:1      | Reached ** piety under Lugonu
   512 | D:1      | Gained mutation: You have large cloven feet. [demonic
                  | ancestry]
   512 | D:1      | Reached XP level 3. HP: 29/30 MP: 5/5
  1338 | D:2      | Found a shimmering blue altar of Sif Muna.
  1514 | D:2      | Found a sacrificial altar of Ru.
  1703 | D:2      | Gained mutation: You are mostly covered in sharp spines.
                  | [demonic ancestry]
  1703 | D:2      | Reached XP level 4. HP: 35/37 MP: 6/6
  2343 | D:2      | Reached *** piety under Lugonu
  2610 | D:3      | Reached skill level 3 in Polearms
  2824 | D:3      | Found a shimmering altar of Xom.
  2828 | D:3      | Found a shimmering altar of Xom.
  2829 | D:3      | Found a shimmering altar of Xom.
  3401 | D:4      | Reached skill level 1 in Dodging
  3401 | D:4      | Gained mutation: You are partially covered in thin metallic
                  | scales. (AC +2) [demonic ancestry]
  3401 | D:4      | Reached XP level 5. HP: 42/42 MP: 7/7
  3502 | D:4      | Found a glowing silver altar of Zin.
  3600 | D:4      | Gained mutation: You are completely covered in sharp
                  | spines. [demonic ancestry]
  3600 | D:4      | Reached XP level 6. HP: 25/48 MP: 8/8
  3753 | D:4      | Reached skill level 4 in Polearms
  4848 | D:5      | Entered Level 5 of the Dungeon
  5245 | D:5      | Reached XP level 7. HP: 49/55 MP: 9/9
  5573 | D:5      | Reached skill level 5 in Polearms
  6199 | D:6      | Reached skill level 1 in Throwing
  6403 | D:6      | Found an opulent altar of Gozag.
  6557 | D:6      | Found a radiant altar of Vehumet.
  6671 | D:6      | Found a sacrificial altar of Ru.
  6684 | D:6      | Reached skill level 5 in Invocations
  6684 | D:6      | Gained mutation: You are mostly covered in thin metallic
                  | scales. (AC +3) [demonic ancestry]
  6684 | D:6      | Reached XP level 8. HP: 61/61 MP: 11/11
  6696 | D:6      | Reached **** piety under Lugonu
  7231 | D:7      | Reached skill level 6 in Polearms
  7248 | D:7      | Found a shimmering altar of Xom.
  7333 | D:7      | Found a staircase to the Ecumenical Temple.
  7342 | Temple   | Entered the Ecumenical Temple
  7456 | Temple   | Upgraded the game from 0.26-a0-537-g96b2eae49b to
                  | 0.26-a0-572-g753d7e3450
  7643 | D:7      | Corrupted D:7
  7643 | D:7      | Noticed a large abomination
  7643 | D:7      | Noticed an orange demon
  7643 | D:7      | Noticed a green draconian
  7643 | D:7      | Noticed a flayed ghost
  7643 | D:7      | Noticed a large abomination
  7643 | D:7      | Noticed a raiju
  7643 | D:7      | Noticed a large abomination
  7643 | D:7      | Noticed an orange demon
  7643 | D:7      | Noticed an orange demon
  7643 | D:7      | Noticed a death knight
  7645 | D:7      | Noticed a deep elf elementalist
  7645 | D:7      | Noticed an orange demon
  7646 | D:7      | Noticed a hellion
  7647 | D:7      | Noticed a starcursed mass
  7654 | D:7      | Noticed a starcursed mass
  7664 | D:7      | Noticed a bone dragon
  7678 | D:7      | Noticed a thrashing horror
  7731 | D:7      | Noticed an eidolon
  7759 | D:7      | Noticed a starcursed mass
  7892 | D:7      | Reached skill level 5 in Armour
  8650 | D:8      | Found a white marble altar of Elyvilon.
  8804 | D:8      | Found Vexi's Mayhem Merchandise.
  8811 | D:8      | Reached skill level 5 in Fighting
  9369 | D:8      | Noticed an orange crystal statue
  9813 | D:9      | Found a transporter.
  9836 | D:9      | Found a transporter.
  9841 | D:9      | Reached skill level 7 in Polearms
  9859 | D:9      | Reached XP level 9. HP: 59/68 MP: 13/13
 11193 | D:9      | Found a snail-covered altar of Cheibriados.
 11201 | D:9      | Found an iron altar of Okawaru.
 11237 | D:9      | Reached skill level 1 in Evocations
 11247 | D:9      | Reached skill level 1 in Stealth
 11507 | D:9      | Found a shimmering altar of Xom.
 11532 | D:9      | Got an ebony rapier
 11865 | D:10     | Entered Level 10 of the Dungeon
 11909 | D:10     | Found a staircase to the Orcish Mines.
 11914 | D:10     | Found Elucil's Antique Weapon Shoppe.
 12271 | D:10     | Noticed a komodo dragon
 12273 | D:10     | Noticed Harold
 12346 | D:10     | Banished Harold
 12371 | D:10     | Reached skill level 8 in Polearms
 12371 | D:10     | Gained mutation: You are immune to rotting. [demonic
                  | ancestry]
 12371 | D:10     | Reached XP level 10. HP: 50/74 MP: 11/14
 13363 | D:10     | Noticed a two-headed ogre
 13366 | D:10     | Noticed a two-headed ogre
 13392 | D:10     | Killed a two-headed ogre
 13932 | D:10     | Reached skill level 9 in Polearms
 14029 | D:10     | Killed an unseen horror
 14269 | D:10     | Killed an unseen horror
 14791 | D:10     | Noticed a two-headed ogre
 15161 | Orc:1    | Entered Level 1 of the Orcish Mines
 15161 | Orc:1    | Noticed an orc sorcerer
 15185 | D:11     | Noticed a cyan ugly thing
 15220 | D:11     | Noticed a cyclops
 15226 | D:11     | Corrupted D:11
 15226 | D:11     | Noticed a guardian serpent
 15227 | D:11     | Noticed an orange demon
 15227 | D:11     | Noticed a tentacled starspawn
 15227 | D:11     | Noticed a hell hog
 15227 | D:11     | Noticed a tentacled starspawn
 15231 | D:11     | Noticed a starcursed mass
 15234 | D:11     | Noticed a tentacled starspawn
 15234 | D:11     | Noticed a starcursed mass
 15234 | D:11     | Noticed a starcursed mass
 15234 | D:11     | Noticed a smoke demon
 15238 | D:11     | Noticed a thrashing horror
 15241 | D:11     | Noticed a spatial maelstrom
 15253 | D:11     | Noticed an Executioner
 15257 | D:11     | Noticed a tentacled monstrosity
 15264 | D:11     | Noticed a tentacled starspawn
 15265 | D:11     | Cast into level 2 of the Abyss (spatial vortex)
 15268 | Abyss:2  | Noticed a starcursed mass
 15274 | D:11     | Escaped the Abyss
 15281 | D:11     | Killed a green ugly thing
 15294 | D:11     | Noticed an apocalypse crab
 15306 | D:11     | Killed a cyan ugly thing
 15314 | D:11     | HP: 2/76 [small abomination[Lugonu's corruption] (5)]
 15345 | D:11     | Found a staircase to the Lair.
 15388 | D:11     | Hit by a large rock thrown by a cyclops

Illustrated notes

Levels and vault maps discovered:
D:1:      dpeg_arrival_simpleton_b, layout_basic
D:2:      layout_loops_cross, grunt_temple_overflow_open
D:3:      layout_loops_ring, xom_redecorated, amethyst_killhole,
          kennysheep_generic_room_5
D:4:      layout_basic, lemuel_crystal_altar
D:5:      layout_basic
D:6:      layout_basic, grunt_gozag_statues, kennysheep_little_box,
          nicolae_ru_sacrificial_ziggurat
D:7:      kennysheep_slugbush, layout_gridville, minmay_temple_entry_poolview,
          lemuel_statue_altar
D:8:      minmay_statue_hallways, layout_rooms, elyvilon_altar_1, serial_glass,
          glass_columns_b, glass_columns_a, minmay_shop_mayhem, fountainhead
D:9:      gammafunk_steamed_eel, layout_long_grid, minitemple, basic_altar
D:10:     layout_roguey, orc_0_dummy, serial_shops,
          nicolae_shop_window_shopping, minivault_20, uniq_harold
D:11:     layout_cave_pools, david_lair_generic, minmay_tree_intersection
Temple:   nicolae_temple_god_jail
Orc:1:    layout_diamond_mine, trog_book

Skill      XL: |  1  2  3  4  5  6  7  8  9 10 |
---------------+-------------------------------+-----
Polearms       | 2 3 4 5 7 8 9 |  9.1
Armour         | 2 3 4 5 7 8 |  8.6
Fighting       | 4 5 6 |  6.3
Dodging        | 1 2 |  2.5
Invocations    | 3 5 6 7 |  7.8
Throwing       | 1 3 4 |  4.3
Evocations     | 1 |  1.5
Stealth        | 1 2 |  2.2

Action                   |  1- 3 |  4- 6 |  7- 9 | 10-12 || total
-------------------------+-------+-------+-------+-------++-------
Melee: Spear             |   100 |   173 |   321 |   164 ||   758
       Kick              |    12 |     2 |       |       ||    14
Throw: Javelin           |       |     5 |    35 |     9 ||    49
       Throwing net      |       |       |       |     1 ||     1
Invok: Bend Space        |     3 |       |     2 |    21 ||    26
       Banish            |       |     3 |     3 |     1 ||     7
       Corrupt           |       |       |     1 |     1 ||     2
       Depart the Abyss  |       |       |       |     1 ||     1
Evoke: Wand              |       |       |     2 |     5 ||     7
  Use: Scroll            |     2 |     7 |     6 |     3 ||    18
       Potion            |       |       |       |     6 ||     6
 Stab: Held in net/web   |       |       |       |     1 ||     1
Armor: Chain mail        |    41 |    77 |   113 |       ||   231
       Leather armour    |     1 |       |       |       ||     1
       Scale mail        |       |       |    13 |    63 ||    76
Dodge: Dodged            |    26 |    39 |    83 |    83 ||   231

Table legend: (Time is in decaauts)
 A = Elapsed time spent in this place.
 B = Non-inter-level travel time spent in this place.
 C = Inter-level travel time spent in this place.
 D = Time resting spent in this place.
 E = Time spent auto-exploring this place.
 F = Levels seen in this place.
 G = Mean time per level.
                   A        B        C        D        E       F      G
               +--------+--------+--------+--------+--------+-----+--------+
         Total |  15321 |  15282 |     39 |   5135 |   3310 |  15 | 1021.4 |
       Dungeon |  15028 |  14994 |     34 |   5132 |   3309 |  11 | 1366.2 |
        Temple |    274 |    269 |      5 |      0 |      0 |   1 |  274.0 |
  Orcish Mines |      1 |      1 |      0 |      0 |      0 |   1 |    1.0 |
         Abyss |     16 |     16 |      0 |      3 |      1 |   2 |    8.0 |
               +--------+--------+--------+--------+--------+-----+--------+

Top non-repeatable levels by time:
    D:10: 2798 daAuts
     D:9: 2565 daAuts
     D:4: 1448 daAuts
     D:1: 1312 daAuts
     D:8: 1281 daAuts
     D:2: 1232 daAuts
     D:7: 1220 daAuts
     D:6: 1210 daAuts
     D:5: 915 daAuts
     D:3: 836 daAuts
  Temple: 274 daAuts
    D:11: 205 daAuts
 Abyss:2: 8 daAuts
 Abyss:1: 8 daAuts
   Orc:1: 1 daAuts
